 Dungeon Sprint DCSS version 0.26.1-11-gd32895ea62 (webtiles) character file.

Game seed: 10003920848863629596

7678 Zeld the Earth Mage (level 11, -17/59 HPs)
             Began as a Gargoyle Earth Elementalist on June 11, 2021.
             Was a High Priest of Sif Muna.
             Demolished by a lorocyproca (28 damage)
             ... in the Dungeon (Sprint I: "Red Sonja").
             The game lasted 00:11:15 (6401 turns).

Zeld the Earth Mage (Gargoyle Earth Elementalist)   Turns: 6401, Time: 00:11:16

Health: -17/59     AC: 12    Str:  7 (9)  XL:     11   Next: 19%
Magic:  5/22       EV: 14    Int: 14      God:    Sif Muna [*****.]
Gold:   248        SH:  0    Dex:  8      Spells: 15/36 levels left

rFire    + . .     SeeInvis .   (no weapon)
rCold    + . .     Faith    .   (no shield)
rNeg     + . .     Spirit   .   k - +0 troll leather armour
rPois    ∞         Reflect  .   (no helmet)
rElec    +         Harm     .   l - scarf {rC+ rF+}
rCorr    .         Rampage  .   (no gloves)
Will     .....     Rnd*Rage +   (no boots) Stlth +++.......NoTele +
                                (no amulet)
HPRegen  0.00/turn              (no ring)
MPRegen  0.18/turn              (no ring)

@: no status effects
A: berserk 1, blurry vision 1, clumsy 1, deformed body, deterioration 1, dopey
2, frail 2, low mp 2, negative energy resistance 1, screaming 2, shaggy fur 2,
electricity resistance, inhibited regeneration, weak 2, unbreathing,
petrification resistance, no potion heal 1, miasma immunity, subdued magic 3,
MP-powered wands, AC +8
a: Renounce Religion, Channel Magic, Forget Spell, Divine Exegesis


You were in the Dungeon.
You worshipped Sif Muna.
Sif Muna was extremely pleased with you.
You visited 1 branch You collected 1046 gold pieces.
You spent 798 gold pieces at shops.

Inventory:

Armour
 a - a +0 tower shield
 k - a +0 troll leather armour (worn)
 l - a scarf of resistance (worn)
Wands
 h - a wand of paralysis (7)
Scrolls
 c - a scroll of enchant weapon {unknown}
 j - a scroll of immolation {unknown}
 n - 3 scrolls of identify {unknown}
 p - a scroll of amnesia {unknown}
Potions
 b - 2 potions of ambrosia
 f - a potion of haste
 g - 2 potions of magic
 m - a potion of degeneration {unknown}
 o - a potion of brilliance


   Skills:
 + Level 11.1 Fighting
 + Level 9.0 Dodging
 - Level 6.0 Stealth
 * Level 13.2 Spellcasting
 + Level 3.3 Conjurations
 - Level 1.0 Transmutations
 * Level 16.6 Earth Magic
 + Level 8.4 Invocations


You had 15 spell levels left.
You knew the following spells:

 Your Spells              Type           Power        Failure   Level
a - Sandblast             Erth           58%          0%          1
b - Passwall              Tmut/Erth      14%          1%          2
c - Stone Arrow           Conj/Erth      38%          1%          3
d - Petrify               Tmut/Erth      17%          1%          4
e - Lee's Rapid Deconstr  Erth           14%          1%          5
f - Iron Shot             Conj/Erth      9%           17%         6

Your spell library contained the following spells:

 Spells                   Type           Power        Failure   Level
 Freeze                   Ice            16%          6%          1


Dungeon Overview and Level Annotations

Branches:
Dungeon (1/1)

Altars:
Cheibriados
Dithmenos
Elyvilon
Fedhas
Gozag
Hepliaklqana
Kikubaaqudgha
Makhleb
Nemelex Xobeh
Okawaru
Qazlal
Ru
Sif Muna
Trog
Uskayaw
Vehumet
Wu Jian
Xom
Yredelemnul
Zin
The Shining One
Jiyva
Lugonu

Shops:
D :[!=**[


Innate Abilities, Weirdness & Mutations

You are resistant to torment.
Your stone body is resilient. (AC +8)
You are immune to poison.
You resist negative energy. (rN+)
You are resistant to electric shocks. (rElec)
You can survive without breathing.
You are immune to petrification.
You are immune to miasma.
You tend to lose your temper in combat.
Scrolls take you a little longer to read.
You are clumsy. (Dex -2)
Armour fits poorly on your strangely shaped body.
Your body sometimes deteriorates upon taking damage.
You are very dopey. (Int -4)
You are very frail. (-20% HP)
Your magical capacity is very low. (-20% MP)
You sometimes yell uncontrollably at your foes.
You are covered in thick fur. (AC +2)
You do not regenerate when monsters are visible.
You are very weak. (Str -4)
Potions are less effective at restoring your health.
Your spells are much easier to cast, but much less powerful.
You expend magic power (3 MP) to strengthen your wands.


Message History

The meliai mumbles some strange prayers to its god against you.
Something smites you!
* * * LOW HITPOINT WARNING * * *
Unknown command.
You see here 16 bolts.
Okay, then.
Casting: Lee's Rapid Deconstruction (safe; 1% risk of failure)
Confirm with . or Enter, or press ? or * to list all spells.
Aiming: Passwall (safe; 1% risk of failure)
Press: ? - help, Dir - move target, f - you Please select a wall.
Okay, then.
Okay, then.
Casting: Passwall (safe; 1% risk of failure)
Confirm with . or Enter, or press ? or * to list all spells.
Aiming: Passwall (safe; 1% risk of failure)
Press: ? - help, Dir - move target A rock wall.
Something hits you!!
You die...

##########################
#__#..+.†.#([#§§..§.§§§§§+
+^.+..#.§.##+#§####.§§.§##
#__####..§+..#§#@###§§§##
#### #####..+.#'#$###+# #
##+####^.$#y#.# +
#.°°○.#..$###.. #
#^○°°°+..$$$##. ##+###
###.).#^....# .# #..[.###
#..†###++## ## ##'###.##
#.^## .....'.∩# #..#


There were no monsters in sight!

Vanquished Creatures
  Sonja (D)
  A deep troll (D)
  A lindwurm (D)
  8 shining eyes (D)
  A gargoyle (D)
  2 kobold demonologists (D)
  A slime creature (D)
  Sigmund (D)
  A yak (D)
  9 hogs (D)
  5 floating eyes (D)
  An ogre (D)
  A jelly (D)
  Ijyb (D)
  A ballistomycete spore (D)
35 creatures vanquished.

Vanquished Creatures (others)
  the Lernaean hydra (D)
  A deep elf master archer (D)
  A hydra (D)
  2 merfolk sirens (D)
  A gargoyle (D)
  A hellwing (D)
  4 hornets (D)
  4 hogs (D)
  A floating eye (D)
  A ballistomycete spore (D)
17 creatures vanquished.

Grand Total: 52 creatures vanquished

Notes
Turn   | Place    | Note
-------+----------+-------------------------------------------
     0 | D        | Zeld the Gargoyle Earth Elementalist began the quest for
                  | the Orb.
     0 | D        | Reached XP level 1. HP: 10/10 MP: 3/3
   182 | D        | Noticed Ijyb
   193 | D        | Killed Ijyb
   194 | D        | Reached skill level 1 in Fighting
   194 | D        | Reached skill level 1 in Transmutations
   194 | D        | Reached skill level 5 in Earth Magic
   194 | D        | Reached XP level 2. HP: 17/17 MP: 0/6
   194 | D        | Reached XP level 3. HP: 21/21 MP: 0/7
   252 | D        | Learned a level 2 spell: Passwall
   256 | D        | Learned a level 3 spell: Stone Arrow
   499 | D        | Found an ancient bone altar of Kikubaaqudgha.
   499 | D        | Found Asas's Jewellery Emporium.
   499 | D        | Found a basalt altar of Yredelemnul.
   499 | D        | Found a glowing golden altar of the Shining One.
   499 | D        | Found an iron altar of Okawaru.
   499 | D        | Found a bloodstained altar of Trog.
   499 | D        | Found a hide-covered altar of Uskayaw.
   499 | D        | Found a blossoming altar of Fedhas.
   499 | D        | Found a hazy altar of Hepliaklqana.
   499 | D        | Found a stormy altar of Qazlal.
   499 | D        | Found a shadowy altar of Dithmenos.
   499 | D        | Found a white marble altar of Elyvilon.
   499 | D        | Found a sacrificial altar of Ru.
   499 | D        | Found a glowing silver altar of Zin.
   499 | D        | Found a snail-covered altar of Cheibriados.
   499 | D        | Found an opulent altar of Gozag.
   499 | D        | Found a sparkling altar of Nemelex Xobeh.
   499 | D        | Noticed a yak
   669 | D        | Noticed an ogre
   681 | D        | Killed an ogre
   682 | D        | Reached skill level 6 in Earth Magic
   682 | D        | Reached XP level 4. HP: 21/28 MP: 0/10
   688 | D        | Learned a level 4 spell: Petrify
   864 | D        | Noticed Sigmund
   867 | D        | Killed Sigmund
   868 | D        | Reached skill level 8 in Earth Magic
   868 | D        | Reached XP level 5. HP: 34/34 MP: 7/13
   868 | D        | Reached XP level 6. HP: 40/40 MP: 8/15
   874 | D        | Learned a level 5 spell: Lee's Rapid Deconstruction
   897 | D        | Killed a hornet
   975 | D        | Killed a hornet
  1041 | D        | Killed the 27-headed Lernaean hydra
  1057 | D        | Killed a hornet
  1059 | D        | Found an ornate altar of the Wu Jian Council.
  1059 | D        | Found a shimmering blue altar of Sif Muna.
  1061 | D        | Found a radiant altar of Vehumet.
  1066 | D        | Became a worshipper of Sif Muna the Loreminder
  1070 | D        | Reached skill level 5 in Fighting
  1070 | D        | Reached skill level 9 in Earth Magic
  1119 | D        | Killed a yak
  1120 | D        | Reached skill level 10 in Earth Magic
  1195 | D        | Killed a merfolk siren
  1314 | D        | Noticed Sonja
  1318 | D        | Killed Sonja
  1318 | D        | Reached * piety under Sif Muna
  1319 | D        | Reached skill level 5 in Dodging
  1319 | D        | Reached skill level 11 in Earth Magic
  1319 | D        | Reached XP level 7. HP: 48/48 MP: 4/19
  1319 | D        | Reached XP level 8. HP: 53/53 MP: 4/21
  1497 | D        | Killed a deep elf master archer
  1608 | D        | Noticed a deep troll
  1633 | D        | Killed a deep troll
  1634 | D        | Reached skill level 10 in Spellcasting
  1634 | D        | Reached skill level 12 in Earth Magic
  1782 | D        | Found Igaxtuw's Armour Emporium.
  1787 | D        | Bought a scarf of resistance for 352 gold pieces
  1831 | D        | Found Qokit's Book Boutique.
  1845 | D        | Noticed a shining eye
  1845 | D        | Noticed a shining eye
  1845 | D        | Noticed a shining eye
  1847 | D        | Gained mutation: You are covered in fur. (AC +1) [a shining
                  | eye]
  1851 | D        | Noticed a shining eye
  1851 | D        | Paralysed by a floating eye for 4 turns
  1856 | D        | Noticed a shining eye
  1857 | D        | Reached skill level 13 in Earth Magic
  1857 | D        | Reached XP level 9. HP: 59/59 MP: 16/23
  1860 | D        | Killed a shining eye
  1860 | D        | Reached ** piety under Sif Muna
  1861 | D        | Noticed a shining eye
  1861 | D        | Noticed a shining eye
  1862 | D        | Gained mutation: You are clumsy. (Dex -2) [a shining eye]
  1863 | D        | Gained mutation: Your magical capacity is low. (-10% MP) [a
                  | shining eye]
  1864 | D        | Killed a shining eye
  1870 | D        | Gained mutation: You evolve. [a shining eye]
  1871 | D        | Killed a merfolk siren
  1873 | D        | Paralysed by a floating eye for 3 turns
  1880 | D        | Gained mutation: You are covered in thick fur. (AC +2) [a
                  | shining eye]
  1881 | D        | Lost mutation: Your magical capacity is low. (-10% MP) [a
                  | shining eye]
  1884 | D        | Killed a shining eye
  1885 | D        | Reached skill level 14 in Earth Magic
  1885 | D        | Reached skill level 5 in Invocations
  1897 | D        | Gained mutation: You do not regenerate when monsters are
                  | visible. [a shining eye]
  1901 | D        | Paralysed by a floating eye for 3 turns
  1903 | D        | Gained mutation: You occasionally shout uncontrollably at
                  | your foes. [a shining eye]
  1904 | D        | Gained mutation: You sometimes yell uncontrollably at your
                  | foes. [a shining eye]
  1905 | D        | Paralysed by a floating eye for 3 turns
  1906 | D        | Gained mutation: You expend magic power (3 MP) to
                  | strengthen your wands. [a shining eye]
  1907 | D        | Lost mutation: You evolve. [a shining eye]
  1913 | D        | Lost mutation: You are clumsy. (Dex -2) [a shining eye]
  1914 | D        | Killed a shining eye
  1914 | D        | Reached *** piety under Sif Muna
  1915 | D        | Gained mutation: You tend to lose your temper in combat. [a
                  | shining eye]
  1915 | D        | Paralysed by a floating eye for 2 turns
  1918 | D        | Gained mutation: Your spells are a little harder to cast,
                  | but a little more powerful. [a shining eye]
  1920 | D        | Paralysed by a floating eye for 4 turns
  1925 | D        | Lost mutation: Your spells are a little harder to cast, but
                  | a little more powerful. [a shining eye]
  1931 | D        | Paralysed by a floating eye for 3 turns
  1934 | D        | Gained mutation: You are weak. (Str -2) [a shining eye]
  1941 | D        | Gained mutation: You are frail. (-10% HP) [a shining eye]
  1942 | D        | Paralysed by a floating eye for 3 turns
  1944 | D        | Lost mutation: You tend to lose your temper in combat. [a
                  | shining eye]
  1949 | D        | Paralysed by a floating eye for 4 turns
  1951 | D        | Gained mutation: You are very frail. (-20% HP) [a shining
                  | eye]
  1953 | D        | Killed a shining eye
  1954 | D        | Reached XP level 10. HP: 53/53 MP: 2/25
  1954 | D        | Gained mutation: Your spells are a little easier to cast,
                  | but a little less powerful. [a shining eye]
  1958 | D        | Paralysed by a floating eye for 4 turns
  1961 | D        | Gained mutation: You frequently scream uncontrollably at
                  | your foes. [a shining eye]
  1962 | D        | Gained mutation: Your body sometimes deteriorates upon
                  | taking damage. [a shining eye]
  1964 | D        | Gained mutation: You are extremely frail. (-30% HP) [a
                  | shining eye]
  1965 | D        | Paralysed by a floating eye for 3 turns
  1973 | D        | Paralysed by a floating eye for 3 turns
  1978 | D        | Gained mutation: You are dopey. (Int -2) [a shining eye]
  1981 | D        | Paralysed by a floating eye for 2 turns
  1982 | D        | Gained mutation: Your magical capacity is low. (-10% MP) [a
                  | shining eye]
  1984 | D        | Paralysed by a floating eye for 4 turns
  1987 | D        | Gained mutation: Your body often deteriorates upon taking
                  | damage. [a shining eye]
  1995 | D        | Paralysed by a floating eye for 2 turns
  1999 | D        | Lost mutation: You are dopey. (Int -2) [a shining eye]
  1999 | D        | Paralysed by a floating eye for 4 turns
  2006 | D        | Paralysed by a floating eye for 2 turns
  2007 | D        | Lost mutation: Your body often deteriorates upon taking
                  | damage. [a shining eye]
  2009 | D        | Killed a shining eye
  2010 | D        | Reached skill level 15 in Earth Magic
  2014 | D        | Paralysed by a floating eye for 4 turns
  2023 | D        | Paralysed by a floating eye for 4 turns
  2029 | D        | Paralysed by a floating eye for 2 turns
  2034 | D        | Paralysed by a floating eye for 4 turns
  2041 | D        | Noticed a shining eye
  2045 | D        | Paralysed by a floating eye for 2 turns
  2049 | D        | Reached **** piety under Sif Muna
  2050 | D        | Reached skill level 10 in Fighting
  2065 | D        | Gained mutation: You are dopey. (Int -2) [a shining eye]
  2068 | D        | Gained mutation: You are very dopey. (Int -4) [a shining
                  | eye]
  2075 | D        | Lost mutation: Your magical capacity is low. (-10% MP) [a
                  | shining eye]
  2078 | D        | Gained mutation: Armour fits poorly on your strangely
                  | shaped body. [a shining eye]
  2082 | D        | Lost mutation: You are extremely frail. (-30% HP) [a
                  | shining eye]
  2088 | D        | Lost mutation: You frequently scream uncontrollably at your
                  | foes. [a shining eye]
  2096 | D        | Gained mutation: You are clumsy. (Dex -2) [a shining eye]
  2099 | D        | Gained mutation: Your spells are easier to cast, but less
                  | powerful. [a shining eye]
  2100 | D        | Gained mutation: Your magical capacity is low. (-10% MP) [a
                  | shining eye]
  2101 | D        | Killed a shining eye
  2105 | D        | Gained mutation: You are very weak. (Str -4) [a shining
                  | eye]
  2107 | D        | Gained mutation: Your body often deteriorates upon taking
                  | damage. [a shining eye]
  2110 | D        | Gained mutation: Scrolls take you a little longer to read.
                  | [a shining eye]
  2114 | D        | Gained mutation: Potions are less effective at restoring
                  | your health. [a shining eye]
  2124 | D        | Lost mutation: Your body often deteriorates upon taking
                  | damage. [a shining eye]
  2125 | D        | Gained mutation: You tend to lose your temper in combat. [a
                  | shining eye]
  2150 | D        | Gained mutation: Your spells are much easier to cast, but
                  | much less powerful. [a shining eye]
  2151 | D        | Gained mutation: Your magical capacity is very low. (-20%
                  | MP) [a shining eye]
  2153 | D        | Killed a shining eye
  2270 | D        | Found Hoagrynnaa's Assorted Antiques.
  2270 | D        | Found Luit's Antique Armour Shoppe.
  2270 | D        | Found Igariate's Assorted Antiques.
  2270 | D        | Found Feechu's Distillery.
  2278 | D        | Bought a potion of heal wounds for 50 gold pieces
  2278 | D        | Bought a potion of heal wounds for 50 gold pieces
  2278 | D        | Bought a potion of heal wounds for 50 gold pieces
  2278 | D        | Bought a potion of curing for 30 gold pieces
  2278 | D        | Bought 2 potions of ambrosia for 160 gold pieces
  2278 | D        | Bought a potion of brilliance for 40 gold pieces
  2305 | D        | Bought a scroll labelled INYEKHL OTEBOFE for 22 gold pieces
  2305 | D        | Bought a scroll labelled QIASOPINL KUTH for 22 gold pieces
  2305 | D        | Bought a scroll labelled INYEKHL OTEBOFE for 22 gold pieces
  2344 | D        | Found a burning altar of Makhleb.
  2344 | D        | Found a viscous altar of Jiyva.
  2344 | D        | Found a shimmering altar of Xom.
  2344 | D        | Found a corrupted altar of Lugonu.
  2518 | D        | Noticed a kobold demonologist
  2519 | D        | Noticed a kobold demonologist
  2531 | D        | Killed a 12-headed hydra
  2540 | D        | Killed a kobold demonologist
  2544 | D        | Killed a kobold demonologist
  2591 | D        | Killed a gargoyle
  4883 | D        | Noticed a gargoyle
  4885 | D        | Killed a gargoyle
  4886 | D        | Reached skill level 1 in Conjurations
  4886 | D        | Reached skill level 16 in Earth Magic
  5160 | D        | Noticed a lindwurm
  5348 | D        | HP: 2/54 [lindwurm/blast of flame (12)]
  5349 | D        | Killed a lindwurm
  5350 | D        | Reached XP level 11. HP: 3/58 MP: 11/22
  5740 | D        | Reached ***** piety under Sif Muna
  5740 | D        | Identified Ruoxtegu's Tome of Congealing Clay (Sif Muna
                  | gifted it to you in the Dungeon)
  5740 | D        | Received a gift from Sif Muna
  5949 | D        | Learned a level 6 spell: Iron Shot
  6401 | D        | Demolished by a lorocyproca

Illustrated notes

Levels and vault maps discovered:
D:        dungeon_sprint_1 [red_sonja_temple_1, red_sonja_temple_small_1]

Skill      XL: |  1  2  3  4  5  6  7  8  9 10 11 |
---------------+----------------------------------+-----
Fighting       | 1 3 4 7 8 9 10 11 | 11.1
Dodging        | 2 3 4 5 6 7 8 9 |  9.0
Stealth        | 3 4 6 |  6.0
Spellcasting   | 3 4 6 9 10 11 12 13 | 13.2
Transmutations | 1 |  1.0
Earth Magic    | 5 6 8 11 13 14 16 | 16.6
Invocations    | 3 6 8 |  8.4
Conjurations   | 1 3 |  3.3

Action                   |  1- 3 |  4- 6 |  7- 9 | 10-12 || total
-------------------------+-------+-------+-------+-------++-------
Melee: Unarmed           |     7 |       |    63 |   171 ||   241
 Cast: Sandblast         |    10 |     6 |    14 |       ||    30
       Passwall          |     3 |       |       |    17 ||    20
       Stone Arrow       |       |     8 |    10 |    43 ||    61
       Lee's Rapid Decon |       |       |     5 |    38 ||    43
Invok: Channel Magic     |       |       |     1 |     5 ||     6
  Use: Potion            |     1 |       |       |    11 ||    12
       Scroll            |       |       |       |     1 ||     1
 Stab: Distracted        |       |       |       |     1 ||     1
Armor: Robe              |     1 |     1 |     3 |       ||     5
       Troll leather arm |       |       |       |    84 ||    84
Dodge: Dodged            |     6 |    10 |    12 |   154 ||   182
